 Dungeon Crawl Stone Soup version 0.30-a0-172-gc5509c9e31 (webtiles) character file.

Game seed: 9249335861094897774

135 KennySheep the Grasshopper (level 4, 0/36 HPs)
             Began as a Palentonga Warper on Oct 1, 2022.
             Slain by a gnoll
             ... wielding a +0 halberd
              (14 damage)
             ... on level 3 of the Dungeon.
             The game lasted 00:08:46 (1962 turns).

KennySheep the Grasshopper (Palentonga Warper)      Turns: 1962, Time: 00:08:47

Health: 0/36       AC:  5    Str: 18    XL:     4   Next: 97%
Magic:  7/7        EV:  9    Int: 14    God:
Gold:   183        SH:  0    Dex:  9    Spells: 5/7 levels left

rFire   . . .      SeeInvis +    a - +0 hand axe
rCold   . . .      Faith    .    (no shield)
rNeg    . . .      Spirit   .    l - +0 ring mail
rPois   .          Reflect  .    (no helmet)
rElec   .          Harm     .    (no cloak)
rCorr   .          Rampage  .    (no gloves)
Will    .....                    (no barding)
Stlth   ..........               (no amulet)
HPRegen 0.26/turn                (no ring)
MPRegen 0.10/turn                (no ring)

@: no status effects
A: large, rugged brown scales 3, see invisible, deformed body, roll 1, armoured
tail
a: Rolling Charge


You were on level 3 of the Dungeon.
You visited 1 branch of the dungeon, and saw 3 of its levels.

You collected 183 gold pieces.

Inventory:

Hand Weapons
 a - a +0 hand axe (weapon)
Missiles
 d - 7 boomerangs of dispersal
Armour
 b - a +0 leather armour
 l - a +0 ring mail (worn)
Scrolls
 c - a scroll of blinking
 f - a scroll of identify
 g - 2 scrolls of teleportation
 h - a scroll of butterflies
 o - a scroll of vulnerability
 p - a scroll of summoning
 q - a scroll of magic mapping
 s - a scroll of enchant weapon {unknown}
Potions
 e - 3 potions of might {unknown}
 i - 3 potions of lignification {unknown}
 j - 2 potions of cancellation {unknown}
 k - a potion of degeneration {unknown}
 m - a potion of resistance {unknown}
 n - a potion of curing {unknown}
 r - a potion of mutation {unknown}


   Skills:
 + Level 2.9 Fighting
 + Level 2.9 Axes
 - Level 0.6 Throwing
 + Level 1.8 Armour
 + Level 2.3 Dodging
 - Level 2.0 Spellcasting
 + Level 3.6 Translocations


You had 5 spell levels left.
You knew the following spells:

 Your Spells              Type           Power      Damage    Failure   Level
z - Blink                 Tloc           22%        N/A       14%         2

Your spell library contained the following spells:

 Spells                   Type           Power      Damage    Failure   Level
 Gell's Gravitas          Tloc           11%        N/A       28%         3
 Lesser Beckoning         Tloc           11%        N/A       28%         3
 Teleport Other           Tloc           11%        N/A       28%         3
 Manifold Assault         Tloc           11%        N/A       67%         4
 Ozocubu's Armour         Ice            1%         N/A       77%         3
 Ozocubu's Refrigeration  Ice            0%         4d7       100%        7


Dungeon Overview and Level Annotations

Branches:
Dungeon (3/15)

Altars:

Shops:
D:3 (

Annotations:
D:2 1 runed translucent door, Crazy Yiuf


Innate Abilities, Weirdness & Mutations

You are completely covered in rugged brown scales. (AC +3, +7% HP)
You have supernaturally acute eyesight. (SInv)
Armour fits poorly on your strangely shaped body.
You can roll at nearby foes to attack.
You have a long armoured tail.


Message History

The orc misses you.
You slash the orc!
You kill the orc!
You start resting.
HP restored.
Things that are here:
a +0 flail; a +0 chain mail
s - a scroll labelled MAPNOSH RECOJ A gnoll comes into view.
It is wielding a +0 spear.
The gnoll shouts!
You hear a shout!
A gnoll is nearby!
Roll where?
Press: ? - help, Q - select action, (/) - cycle Dir - move target, f - gnoll
Aim: a gnoll, wielding a +0 spear You roll forward with a clatter of scales!
You hit the gnoll.
The gnoll is lightly wounded.
The gnoll hits you with a +0 spear.
You barely miss the gnoll.
The gnoll is lightly wounded.
A gnoll comes into view. It is wielding a +0 flail.
The gnoll hits you with a +0 spear.
You hit the gnoll. You tail-slap the gnoll!
You kill the gnoll!
You barely miss the gnoll. The gnoll hits you with a +0 flail.
You slash the gnoll!
The gnoll is heavily wounded.
The gnoll barely misses you.
You hit the gnoll but do no damage.
The gnoll is heavily wounded.
The gnoll hits you with a +0 flail.
You hit the gnoll.
Your tail-slap misses the gnoll.
The gnoll is severely wounded.
The gnoll hits you but does no damage.
A gnoll comes into view. It is wielding a +0 halberd.
You barely miss the gnoll.
Your tail-slap misses the gnoll.
The gnoll is severely wounded.
The gnoll hits you with a +0 flail. The gnoll hits you with a +0 flail!
The gnoll hits you from afar with a +0 halberd!
You die...

.# ..## ##.### .##.
#.###....#######
.##.##..#..##.......#
.......#.#.##.#####.#
#.....#.............#
#.....#.##########..#
#.....#.#........#..#
#.....#.#.######.#..#
#.......#.# #@#.##
#######)#.# #g#.#
.### #)#.# #g#.# ...#
#.#.# ..#.# .#.#
#.#.########.# ...#
#.#..........#
.#.####)##########.#
...........).......#
...####.#.##.###.###


You could see 2 gnolls.

Vanquished Creatures
  Terence (D:3)
  Robin (D:3)
  A gnoll (D:3)
  2 adders
  A worm (D:2)
  2 dart slugs
  5 orcs (D:3)
  9 ball pythons
  4 endoplasms
  7 goblins
  5 hobgoblins
  4 kobolds
  4 quokkas
  3 bats
  2 frilled lizards
  4 rats
55 creatures vanquished.

Notes
Turn   | Place    | Note
-------+----------+-------------------------------------------
     0 | D:1      | KennySheep the Palentonga Warper began the quest for the
                  | Orb.
     0 | D:1      | Reached XP level 1. HP: 17/17 MP: 3/3
    78 | D:1      | Reached skill level 1 in Armour
    87 | D:1      | Reached XP level 2. HP: 8/23 MP: 5/5
   570 | D:1      | Learned a level 2 spell: Blink
   599 | D:2      | Reached XP level 3. HP: 7/29 MP: 6/6
  1082 | D:2      | Found a runed translucent door.
  1083 | D:2      | Noticed Crazy Yiuf
  1355 | D:3      | Found Qarryare's Weapon Shop.
  1540 | D:3      | Noticed Robin
  1551 | D:3      | Killed Robin
  1552 | D:3      | Reached XP level 4. HP: 21/36 MP: 7/7
  1754 | D:3      | Noticed Terence
  1775 | D:3      | Killed Terence
  1962 | D:3      | Slain by a gnoll

Illustrated notes

Levels and vault maps discovered:
D:1:      dpeg_arrival_shrine, layout_basic
D:2:      wander_river, layout_rooms, hangedman_decor_points, kennysheep_potato,
          uniq_crazy_yiuf_cottage
D:3:      layout_loops_cross, serial_shops, shop, minivault_5, uniq_terence,
          uniq_robin

Skill      XL: |  1  2  3 |
---------------+----------+-----
Armour         | 1 |  1.8
Dodging        | 2 |  2.3
Fighting       | |  2.9
Axes           | |  2.9
Throwing       | |  0.6
Spellcasting   | |  2.0
Translocations | |  3.6

Action                   |  1- 3 |  4- 6 || total
-------------------------+-------+-------++-------
Melee: Hand axe          |   114 |    50 ||   164
       Tailslap          |     8 |     7 ||    15
       Punch             |     1 |       ||     1
 Cast: Blink             |       |     2 ||     2
 Abil: Rolling Charge    |    14 |    11 ||    25
  Use: Scroll            |     5 |       ||     5
Armor: Leather armour    |    35 |       ||    35
       Ring mail         |    15 |    10 ||    25
Dodge: Dodged            |    52 |    14 ||    66

Table legend: (Time is in decaauts)
 A = Elapsed time spent in this place.
 B = Non-inter-level travel time spent in this place.
 C = Inter-level travel time spent in this place.
 D = Time resting spent in this place.
 E = Time spent auto-exploring this place.
 F = Levels seen in this place.
 G = Mean time per level.
                   A        B        C        D        E       F      G
               +--------+--------+--------+--------+--------+-----+--------+
         Total |   2009 |   1993 |     16 |    447 |   1123 |   3 |  669.7 |
       Dungeon |   2009 |   1993 |     16 |    447 |   1123 |   3 |  669.7 |
               +--------+--------+--------+--------+--------+-----+--------+

Top non-repeatable levels by time:
     D:3: 751 daAuts
     D:2: 676 daAuts
     D:1: 581 daAuts
